 Dungeon Crawl Stone Soup version 0.27-a0-1280-g9d2d252d84 (webtiles) character file.

518311 urutzu the Ninja (level 24, -6/122 HPs)
             Began as a Spriggan Enchanter on Aug 1, 2018.
             Was the Champion of Dithmenos.
             Killed from afar by an iron dragon (40 damage)
             ... with a spray of metal splinters
             ... on level 5 of the Vaults on June 13, 2021.
             The game lasted 08:06:56 (78584 turns).

urutzu the Ninja (Spriggan Enchanter)              Turns: 78584, Time: 08:06:57

Health: -6/122     AC: 17    Str: 14    XL:     24   Next: 56%
Magic:  37/42      EV: 45    Int: 19    God:    Dithmenos [******]
Gold:   3728       SH: 16    Dex: 19    Spells: 32/51 levels left

rFire    . . .     SeeInvis +   a - +9 dagger (flame)
rCold    . . .     Faith    .   X - +3 buckler {AC+3}
rNeg     . . .     Spirit   .   I - +4 troll leather armour
rPois    .         Reflect  +   f - +3 crown of Dyrovepreva {rElec Int+2 SInv}
rElec    +         Harm     .   r - +2 cloak {Will+}
rCorr    +         Rampage  .   (gloves unavailable)
Will     +++++     Rnd*Tele +   (boots unavailable) Stlth ********++
                                O - amulet of reflection
HPRegen  1.30/turn              c - ring of the Hare {EV+8, =R}
MPRegen  0.28/turn              F - ring of resist corrosion

@: confusing by touch, wreathed by umbra, very quick
A: very small, no large weapons, unfitting armour, see invisible, speed 3,
talons 1, frail 1, screaming 1, strong 1, teleportitis 1
}: 2/15 runes: serpentine, barnacled
a: Renounce Religion, Shadow Step, Shadow Form


You were on level 5 of the Vaults.
You worshipped Dithmenos.
Dithmenos was exalted by your worship.
You visited 10 branches of the dungeon, and saw 48 of its levels.
You also visited: Ice Cave.

You collected 6344 gold pieces.
You spent 2616 gold pieces at shops.

Inventory:

Hand Weapons
 a - a +9 dagger of flaming (weapon)
 b - a +2 dagger of electrocution
Missiles
 n - 3 throwing nets (quivered)
Armour
 f - the +3 crown of Dyrovepreva (worn) {rElec Int+2 SInv}
   (You found it on level 3 of the Elven Halls)

   It affects your intelligence (+2).
   It insulates you from electricity.
   It lets you see invisible.
 r - a +2 cloak of willpower (worn)
 I - a +4 troll leather armour (worn)
 X - a +3 buckler of protection (worn)
Jewellery
 c - the ring of the Hare (left hand) {EV+8, =R}
   (You found it on level 2 of the Depths)

   [ring of evasion]

   It affects your evasion (+8).
 B - the ring "Yvvi" {Fly rPois}
   (You found it on level 6 of the Lair of Beasts)

   [ring of flight]

   It protects you from poison.
   It grants you flight.
 F - a ring of resist corrosion (right hand)
 K - a +6 ring of evasion
 O - an amulet of reflection (around neck)
 R - the ring of Ru's Pride {rF+ rC+ Str+3}
   (You bought it in a shop on level 4 of the Snake Pit)

   [ring of strength]

   It affects your strength (+3).
   It protects you from fire.
   It protects you from cold.
 W - the ring of Mingo {rN+ Will+}
   (You found it on level 3 of the Elven Halls)

   [ring of positive energy]

   It protects you from negative energy.
   It increases your willpower.
Wands
 t - a wand of digging (37)
 x - a wand of paralysis (41)
 y - a wand of iceblast (20)
 M - a wand of flame (24)
 N - a wand of removedness (7)
Scrolls
 e - a scroll of removedness
 i - 15 scrolls of identify
 l - 29 scrolls of removedness
 m - 3 scrolls of enchant armour
 p - 7 scrolls of fog
 q - 4 scrolls of teleportation
 C - 2 scrolls of fear
 G - 5 scrolls of blinking
 H - 12 scrolls of magic mapping
 L - 2 scrolls of silence
Potions
 h - 5 potions of heal wounds
 j - 16 potions of curing
 k - 2 potions of attraction
 o - 7 potions of brilliance
 s - 5 potions of resistance
 u - 4 potions of might
 v - 8 potions of magic
 w - 3 potions of cancellation
 A - 4 potions of flight
 E - 3 potions of ambrosia
 J - 2 potions of haste
 T - 2 potions of invisibility
 Z - 2 potions of berserk rage
Miscellaneous
 g - a removed lamp of fire
 z - a phantom mirror
 P - a removed fan of gales
 S - a phial of floods (inert)
 U - 5 removed sacks of spiders
 V - a lightning rod (4/4)
 Y - a box of beasts
Comestibles
 d - 31 removed foods


   Skills:
 + Level 17.1 Fighting
 - Level 10.0 Short Blades
 - Level 4.0 Armour
 + Level 24.5 Dodging
 O Level 27 Stealth
 - Level 7.2 Shields
 + Level 14.2 Spellcasting
 - Level 5.0 Conjurations
 - Level 19.0 Hexes
 + Level 19.8 Translocations
 - Level 5.0 Ice Magic
 - Level 5.0 Invocations
 - Level 7.0 Evocations


You had 32 spell levels left.
You knew the following spells:

 Your Spells              Type           Power      Damage    Failure   Level
a - Corona                Hex            80%        N/A       0%          1
b - Ensorcelled Hibernat  Hex/Ice        100%       N/A       1%          2
c - Confusing Touch       Hex            72%        N/A       0%          3
d - Dazzling Flash        Conj/Hex       100%       N/A       1%          3
e - Tukima's Dance        Hex            72%        N/A       0%          3
f - Apportation           Tloc           100%       N/A       0%          1
g - Swiftness             Air            13%        N/A       19%         3
j - Teleport Other        Tloc           73%        N/A       0%          3

Your spell library contained the following spells:

 Spells                   Type           Power      Damage    Failure   Level
 Slow                     Hex            72%        N/A       0%          2
 Gell's Gravitas          Tloc           36%        N/A       0%          3
 Lesser Beckoning         Tloc           36%        N/A       0%          3
 Portal Projectile        Hex/Tloc       100%       N/A       0%          3
 Freeze                   Ice            100%       1d11      1%          1
 Inner Flame              Hex/Fire       49%        N/A       1%          3
 Cause Fear               Hex            36%        N/A       1%          4
 Leda's Liquefaction      Hex/Erth       24%        N/A       1%          4
 Metabolic Englaciation   Hex/Ice        28%        N/A       1%          5
 Dispersal                Tloc           36%        N/A       1%          6
 Shock                    Conj/Air       88%        1d8       2%          1
 Summon Forest            Summ/Tloc      25%        N/A       2%          5
 Static Discharge         Conj/Air       22%        N/A       3%          2
 Summon Mana Viper        Hex/Summ       49%        N/A       3%          5
 Animate Skeleton         Necr           26%        N/A       6%          1
 Pain                     Necr           52%        1d6       6%          1
 Summon Small Mammal      Summ           52%        N/A       6%          1
 Conjure Flame            Conj/Fire      22%        6-21      6%          3
 Call Imp                 Summ           13%        N/A       9%          2
 Corpse Rot               Necr/Air       N/A        N/A       9%          2
 Poisonous Vapours        Pois/Air       26%        N/A       9%          2
 Sublimation of Blood     Necr           6%         N/A       9%          2
 Mephitic Cloud           Conj/Pois/Air  19%        N/A       9%          3
 Disjunction              Tloc           36%        N/A       11%         8
 Call Canine Familiar     Summ           13%        N/A       19%         3
 Ignite Poison            Fire/Tmut/Pois 13%        N/A       19%         3
 Spider Form              Tmut/Pois      6%         N/A       19%         3
 Vampiric Draining        Necr           6%         2d6       19%         3
 Ice Form                 Ice/Tmut       22%        N/A       22%         4
 Summon Ice Beast         Ice/Summ       22%        N/A       22%         4
 Freezing Cloud           Conj/Ice/Air   13%        6-21      38%         5
 Airstrike                Air            6%         N/A       52%         4
 Animate Dead             Necr           6%         N/A       52%         4
 Petrify                  Tmut/Erth      13%        N/A       52%         4
 Summon Lightning Spire   Summ/Air       13%        N/A       52%         4
 Fireball                 Conj/Fire      11%        3d7       52%         5
 Irradiate                Conj/Tmut      11%        3d17      52%         5
 Lightning Bolt           Conj/Air       11%        1d24      52%         5
 Bolt of Magma            Conj/Fire/Erth 9%         4d7       63%         5
 Malign Gateway           Summ/Tloc      25%        N/A       65%         7
 Agony                    Necr           13%        N/A       86%         5
 Alistair's Intoxication  Tmut/Pois      8%         N/A       86%         5
 Borgnjor's Vile Clutch   Necr/Erth      6%         N/A       86%         5
 Iron Shot                Conj/Erth      11%        9d3       97%         6
 Simulacrum               Ice/Necr       11%        N/A       97%         6
 Starburst                Conj/Fire      11%        8x6d5     97%         6
 Death Channel            Necr           6%         N/A       100%        6
 Shadow Creatures         Summ           N/A        N/A       100%        6
 Statue Form              Tmut/Erth      8%         N/A       100%        6
 Ozocubu's Refrigeration  Ice            16%        4d8       100%        7
 Spellforged Servitor     Conj/Summ      11%        N/A       100%        7
 Summon Hydra             Summ           6%         N/A       100%        7
 Ignition                 Fire           6%         3d4       100%        8
 Polar Vortex             Ice            16%        N/A       100%        9
 Shatter                  Erth           6%         3d9*      100%        9


Dungeon Overview and Level Annotations

Branches:
Dungeon (15/15)            Temple (1/1) D:4            Lair (6/6) D:11
 Shoals (4/4) Lair:3        Snake (4/4) Lair:2        Slime (3/5) Lair:5
    Orc (2/2) D:11            Elf (3/3) Orc:2        Vaults (5/5) D:14
  Crypt (0/3) Vaults:2     Depths (5/5) D:15            Zot (0/5) Depths:5

Altars:
Ashenzari
Cheibriados
Dithmenos
Elyvilon
Fedhas
Gozag
Hepliaklqana
Kikubaaqudgha
Makhleb
Nemelex Xobeh
Okawaru
Qazlal
Ru
Sif Muna
Trog
Uskayaw
Vehumet
Wu Jian
Xom
Yredelemnul
Zin
The Shining One
Beogh
Jiyva

Shops:
D:5 [   D:7 x[(!   Orc:2 ?*x[x   Shoals:1 [x(*x   Shoals:2 x   Shoals:4 *
Snake:1 =   Snake:3 *   Snake:4 x=!:[

Portals:
Hell: Depths:1 Depths:2 Depths:3 Depths:4 Depths:5
Pandemonium: Orc:2 Depths:2 Depths:3
Ziggurat: Depths:2

Annotations:
D:6 exclusion: electric eel
Lair:5 exclusion: 4 oklob plants
Shoals:2 exclusion: Roxanne, Roxanne
Shoals:4 Ilsuiw
Snake:3 exclusion: downstairs
Elf:2 exclusion: orange crystal statue
Depths:3 1 exclusion
Depths:4 exclusion: ice statue, the Enchantress


Innate Abilities, Weirdness & Mutations

You are very small and have problems with some larger weapons.
You are too small for most types of armour.
You have supernaturally acute eyesight. (SInv)
You cover ground extremely quickly. (Speed+++)
You have sharp toenails.
You are frail. (-10% HP)
You occasionally shout uncontrollably at your foes.
Your muscles are strong. (Str +2)
You are occasionally teleported next to monsters.


Message History

You claw the iron dragon, but do no damage.
Your shadow barely misses the iron dragon.
The iron dragon bites you!
* * * LOW HITPOINT WARNING * * *
The iron dragon completely misses you.
The iron dragon tramples you but does no damage.
You hit the iron dragon but do no damage.
Your kick misses the iron dragon.
Your shadow hits the iron dragon but does no damage.
You hit the iron dragon but do no damage.
You claw the iron dragon, but do no damage.
The iron dragon completely misses you. x2; You block the iron dragon's attack.
Casting: Confusing Touch (safe; 0% risk of failure)
Confirm with . or Enter, or press ? or * to list all spells.
Your hands begin to glow brighter.
You hit the iron dragon but do no damage.
You claw the iron dragon, but do no damage.
You block the iron dragon's attack. x2; The iron dragon completely misses you.
You hit the iron dragon but do no damage.
You claw the iron dragon, but do no damage.
You hit the iron dragon but do no damage.
Your shadow hits the iron dragon but does no damage.
You block the iron dragon's attack. The iron dragon completely misses you.
You block the iron dragon's attack.
You hit the iron dragon but do no damage.
You hit the iron dragon but do no damage.
Your kick misses the iron dragon.
You hit the iron dragon but do no damage.
Your shadow hits the iron dragon but does no damage.
The iron dragon misses you. The iron dragon completely misses you.
The iron dragon misses you.
You hit the iron dragon but do no damage.
You claw the iron dragon, but do no damage.
Your shadow hits the iron dragon with a dagger.
You hit the iron dragon but do no damage.
You claw the iron dragon, but do no damage.
The iron dragon is lightly wounded.
The iron dragon breathes metal splinters at you.
The spray of metal splinters hits you!!!
You die...

#.....#############
#.........)).......
#..#.##.)))........
#..#..##...ยง....#..
#).#...##......##..
#(.#....##.....#...
#[.#.....##...##|..
#.[#......#####....
#(@#....... #.....
#)D# ##.|.. #(.#
##.[. #..# ##.. #..#
##. #..# ## #..# #
#(.#.### #
#..#...### ##


You could see an iron dragon (catching breath).

Vanquished Creatures
  An ancient lich (Vaults:5)
  A juggernaut (Depths:2)
  Boris (Depths:4)
  Frederick (Depths:5)
  Vashnia (Snake:4)
  A large abomination (Depths:5)
  Xtahua (Depths:4)
  Saint Roka (Snake:4)
  2 caustic shrikes
  2 golden dragons
  Nikola (Snake:4)
  2 bone dragons (Depths:5)
  2 liches
  4 tentacled monstrosities
  2 deep elf blademasters
  A quicksilver dragon (Depths:4)
  Frances (D:14)
  A sphinx (Depths:1)
  A titan (Depths:4)
  A deep elf master archer (Elf:3)
  An eldritch tentacle (Vaults:3)
  A kraken (Shoals:1)
  Kirke (D:14)
  5 storm dragons
  Donald (Vaults:1)
  7 nagarajas
  6 tengu reavers
  A revenant (Vaults:2)
  9 fire giants
  3 azure jellies
  2 balrugs
  6 frost giants
  7 deep elf sorcerers
  6 deep elf elementalists
  4 iron dragons
  An orc warlord (Vaults:3)
  6 vault wardens
  2 draconian shifters (Depths:5)
  2 spriggan defenders
  11 ironbound preservers
  17 very ugly things
  A war gargoyle (Vaults:3)
  9 stone giants
  2 green draconians (Depths:5)
  An entropy weaver (Vaults:4)
  8 deep elf demonologists
  3 deep elf annihilators (Elf:3)
  2 vampire knights
  3 white draconians (Depths:5)
  16 spark wasps
  A lorocyproca (Depths:2)
  2 red draconians (Depths:5)
  8 ettins
  The ghost of strelocc the Thaumaturge, a journeyman GnFE of Ashenzari (Orc:2)
  Snorg (Lair:6)
  9 deep elf death magi
  16 ogre magi
  2 merfolk javelineers (Shoals:4)
  6 fire dragons
  5 merfolk impalers
  Josephine (Orc:2)
  7 yaktaur captains
  9 deep elf high priests
  Fannar (Lair:3)
  5 great orbs of eyes
  Harold (D:7)
  23 vault guards
  9 ice dragons
  4 merfolk avatars
  3 rakshasas
  3 spriggan air magi
  Erica (D:10)
  7 hydras
  14 naga warriors
  13 centaur warriors
  5 merfolk aquamancers
  23 dancing weapons
  An alligator snapping turtle (Shoals:4)
  9 anacondas
  38 two-headed ogres
  4 satyrs
  6 deep troll shamans
  A vampire mage (Depths:1)
  11 death yaks
  12 tengu warriors
  6 orc high priests
  7 deep troll earth magi
  15 naga sharpshooters
  14 spriggan berserkers
  28 deep elf knights
  12 hell knights
  15 shock serpents
  6 sun demons
  Sonja (Lair:6)
  3 soul eaters
  7 spriggans
  2 iron trolls (Depths:5)
  5 salamander mystics
  8 skeletal warriors
  A fire crab (shapeshifter) (Vaults:4)
  A fire crab (Vaults:3)
  A sea snake (shapeshifter) (Vaults:3)
  19 sea snakes
  A torturous demonspawn (Orc:2)
  An infernal demonspawn (Orc:2)
  A shadow wraith (Vaults:1)
  A quicksilver dragon simulacrum (Depths:4)
  A gelid demonspawn (Orc:2)
  3 glowing orange brains
  3 unseen horrors
  30 deep trolls
  8 ironbound convokers
  4 flayed ghosts
  24 deep elf archers
  10 wizards
  20 harpies
  2 necromancers
  An orange crystal statue (D:12)
  6 naga ritualists
  Pikel (D:5)
  2 lindwurms (Vaults:3)
  3 phantasmal warriors
  22 orc knights
  5 mana vipers
  3 wolf spiders
  8 fauns
  An orb spider (shapeshifter) (Depths:3)
  74 deep elf pyromancers
  3 shining eyes
  34 ugly things
  12 orc sorcerers
  2 worldbinders (Vaults:3)
  15 cyclopes
  A faun (shapeshifter) (Elf:3)
  16 salamanders
  8 manticores
  3 ice statues
  10 elephants
  A guardian serpent (shapeshifter) (Elf:1)
  An elephant (shapeshifter) (Elf:3)
  9 rust devils
  28 black mambas
  A water nymph (shapeshifter) (D:15)
  11 merfolk sirens
  15 vault sentinels
  A torpor snail (Lair:6)
  4 centaur skeletons (D:14)
  22 naga magi
  An eye of devastation (Vaults:3)
  2 molten gargoyles (Vaults:3)
  3 water nymphs
  7 guardian serpents
  7 cane toads
  An orange demon (Orc:2)
  2 gargoyles
  2 kobold demonologists
  A yaktaur (shapeshifter) (Vaults:2)
  11 freezing wraiths
  2 anaconda simulacra (Vaults:3)
  4 rime drakes
  8 komodo dragons
  A komodo dragon (shapeshifter) (Vaults:1)
  A redback zombie (D:14)
  6 red devils
  26 yaktaurs
  2 hellwings (Depths:2)
  17 merfolk
  4 ice devils
  4 tengu conjurers
  A queen bee (shapeshifter) (Depths:5)
  10 trolls
  16 polar bears
  3 meliai (D:14)
  2 jumping spiders (Vaults:3)
  8 hornets
  10 blink frogs
  A troll (shapeshifter) (Depths:1)
  Grinder (D:6)
  3 dream sheep (Shoals:1)
  7 snapping turtles
  The ghost of Dyme the Insei, an amateur OpTm (D:4)
  3 wind drakes (Shoals:4)
  19 removed hippogriffs
  36 slime creatures
  3 air elementals
  3 flying skulls
  15 water elementals
  4 shadows
  2 ynoxinuls
  Eustachio (D:4)
  60 yaks
  6 wraiths
  6 wyverns
  8 fire elementals
  A golden eye (Slime:2)
  2 removed hungry ghosts
  3 basilisks (shapeshifter)
  A golden eye (shapeshifter) (Vaults:2)
  2 basilisks
  4 hogs (D:14)
  A steam dragon (shapeshifter) (Depths:4)
  A steam dragon (D:11)
  6 wargs
  3 insubstantial wisps (Vaults:3)
  60 nagas
  2 spatial vortices (Vaults:3)
  Duvessa (D:5)
  2 acid dragons
  A removed soldier ant (D:12)
  12 water moccasins
  3 removed porcupines
  A hell hound (Depths:4)
  A floating eye (shapeshifter) (Depths:3)
  A floating eye (Depths:2)
  2 ice beasts
  7 sky beasts
  A phantom (D:10)
  4 removed slaves (D:5)
  A fire dragon simulacrum (Vaults:3)
  2 removed eyes of draining
  3 black bears
  A black bear (shapeshifter) (Vaults:1)
  58 orc warriors
  26 ogres
  2 necrophages
  2 ettin simulacra (Depths:4)
  25 wolves
  17 boggarts
  13 centaurs
  2 black mamba simulacra (Vaults:3)
  10 removed crocodiles
  6 kobold brigands
  Blork the orc (D:5)
  8 bullfrogs
  3 earth elementals
  A glowing shapeshifter simulacrum (Vaults:1)
  A wyvern zombie (D:9)
  2 wyvern skeletons (D:14)
  Dowan (D:5)
  9 scorpions
  10 killer bees
  An elephant simulacrum (Vaults:3)
  2 howler monkeys
  A wight (D:6)
  2 electric eels
  8 crimson imps
  A howler monkey (shapeshifter) (Vaults:3)
  6 centaur zombies
  A lava snake (Vaults:3)
  4 jellies
  3 bullfrog skeletons
  7 hounds
  28 orc priests
  A wyvern simulacrum (D:14)
  30 orc wizards
  6 iguanas
  8 removed worker ants
  A statue (D:5)
  A howler monkey zombie (D:8)
  4 removed worker ant zombies
  2 naga simulacra (Vaults:3)
  11 adders
  A shadow imp (D:6)
  An adder zombie (D:6)
  An adder skeleton (D:5)
  2 worms (D:2)
  5 dart slugs
  112 orcs
  4 removed leopard geckos
  2 ball pythons
  8 bats
  4 giant cockroaches
  10 goblins
  5 hobgoblins
  17 jackals
  19 kobolds
  3 quokkas
  A ball python skeleton (D:4)
  6 frilled lizards
  6 rats
  8 removed crawling corpses
2027 creatures vanquished.

Vanquished Creatures (collateral kills)
  3 vault guards (Vaults:5)
  A catoblepas (Lair:6)
  A death knight (D:12)
  A flayed ghost (Vaults:5)
  A deep elf pyromancer (Elf:2)
  A naga (Lair:2)
  An ogre (D:15)
9 creatures vanquished.

Vanquished Creatures (others)
  A caustic shrike (Depths:4)
  2 deep elf master archers (Elf:3)
  2 deep elf elementalists (Elf:3)
  A stone giant (Vaults:5)
  A merfolk javelineer (Shoals:4)
  An ogre mage (Vaults:2)
  A deep elf high priest (Elf:3)
  A naga warrior (Snake:4)
  A satyr (Shoals:4)
  A skeletal warrior (Depths:4)
  2 deep elf archers
  A phantasmal warrior (Vaults:5)
  A deep elf pyromancer (Elf:2)
  2 cyclopes (Depths:3)
  A salamander (Snake:3)
  2 yaktaurs
  6 dancing weapons
  A water elemental (Elf:3)
  A naga (Snake:4)
  An ettin simulacrum (Depths:4)
  An ogre (Vaults:5)
  An earth elemental (Elf:2)
  17 fungi
  48 plants
97 creatures vanquished.

Grand Total: 2133 creatures vanquished

Notes
Turn   | Place    | Note
-------+----------+-------------------------------------------
     0 | D:1      | urutzu the Spriggan Enchanter began the quest for the Orb.
     0 | D:1      | Reached XP level 1. HP: 9/9 MP: 5/5
   306 | D:1      | Reached XP level 2. HP: 13/13 MP: 6/6
   320 | D:1      | Reached skill level 5 in Stealth
   445 | D:1      | Learned a level 2 spell: Ensorcelled Hibernation
   640 | D:1      | Reached XP level 3. HP: 10/16 MP: 8/8
  1269 | D:2      | Reached skill level 6 in Stealth
  1439 | D:2      | Reached XP level 4. HP: 14/21 MP: 8/10
  1838 | D:2      | Found a bloodstained altar of Trog.
  1864 | D:2      | Reached skill level 7 in Stealth
  2110 | D:2      | Reached XP level 5. HP: 24/24 MP: 11/11
  3086 | D:4      | Found a runed door.
  3086 | D:4      | Noticed Dyme's ghost (amateur OpTm)
  3176 | D:4      | Found a staircase to the Ecumenical Temple.
  3186 | Temple   | Entered the Ecumenical Temple
  3215 | Temple   | Became a worshipper of Dithmenos the Shadowed
  3372 | D:4      | Reached skill level 5 in Hexes
  3372 | D:4      | Reached XP level 6. HP: 22/28 MP: 4/13
  3557 | D:4      | Noticed Eustachio
  3562 | D:4      | Killed Eustachio
  3562 | D:4      | Reached skill level 8 in Stealth
  3562 | D:4      | Reached skill level 1 in Ice Magic
  3616 | D:4      | Reached skill level 9 in Stealth
  3616 | D:4      | Reached XP level 7. HP: 32/32 MP: 6/14
  3705 | D:5      | Entered Level 5 of the Dungeon
  3705 | D:5      | Noticed Duvessa
  3705 | D:5      | Noticed Dowan
  3709 | D:5      | Killed Duvessa
  3727 | D:5      | Noticed Blork the orc
  3741 | D:5      | Killed Blork the orc
  3747 | D:5      | Learned a level 3 spell: Confuse
  3751 | D:5      | Learned a level 3 spell: Dazzling Flash
  3815 | D:5      | Found a basalt altar of Yredelemnul.
  3815 | D:5      | Found a snail-covered altar of Cheibriados.
  4086 | D:5      | Found Izxiguid's Antique Armour Boutique.
  4128 | D:5      | Noticed Pikel
  4209 | D:5      | Found a radiant altar of Vehumet.
  4210 | D:5      | Reached skill level 10 in Stealth
  4350 | D:6      | Noticed a wyvern
  4375 | D:6      | Noticed a two-headed ogre
  4651 | D:5      | Killed Pikel
  4651 | D:5      | Reached skill level 11 in Stealth
  4651 | D:5      | Reached XP level 8. HP: 31/36 MP: 12/15
  4685 | D:5      | Found a blossoming altar of Fedhas.
  5055 | D:5      | Killed Dowan
  5055 | D:5      | Reached skill level 12 in Stealth
  5204 | D:5      | Reached * piety under Dithmenos
  5204 | D:5      | Reached skill level 5 in Short Blades
  6213 | D:7      | Got a warped flail
  6296 | D:7      | Reached XP level 9. HP: 39/39 MP: 10/17
  6298 | D:7      | Reached skill level 5 in Spellcasting
  6378 | D:7      | Found Jywkorar's Armour Emporium.
  6405 | D:7      | Found Fenelav's Antique Weapon Shoppe.
  6416 | D:7      | Found Vivoodoo's Distillery.
  6421 | D:7      | Bought a potion of curing for 48 gold pieces
  6421 | D:7      | Bought a potion of curing for 48 gold pieces
  6427 | D:7      | Noticed Harold
  6432 | D:7      | Killed Harold
  6432 | D:7      | Reached skill level 5 in Dodging
  6432 | D:7      | Reached skill level 13 in Stealth
  6971 | D:6      | Killed a two-headed ogre
  6971 | D:6      | Reached skill level 14 in Stealth
  7704 | D:5      | Reached ** piety under Dithmenos
  8027 | D:6      | Noticed Grinder
  8099 | D:7      | Found Uthriepa's Food Shoppe.
  8148 | D:7      | Reached XP level 10. HP: 44/44 MP: 20/20
  8859 | D:8      | Reached skill level 15 in Stealth
  9184 | D:8      | Noticed a two-headed ogre
  9201 | D:8      | Killed a two-headed ogre
  9472 | D:9      | Found an ancient bone altar of Kikubaaqudgha.
 10056 | D:9      | Reached skill level 16 in Stealth
 10344 | D:9      | You fall through a shaft for 2 floors!
 10418 | D:11     | Noticed a two-headed ogre
 10426 | D:11     | Killed a two-headed ogre
 10426 | D:11     | Reached skill level 10 in Hexes
 10485 | D:11     | Noticed a two-headed ogre
 10495 | D:11     | Killed a two-headed ogre
 10495 | D:11     | Reached XP level 11. HP: 47/47 MP: 16/21
 10500 | D:11     | Found a staircase to the Lair.
 10521 | D:10     | Entered Level 10 of the Dungeon
 10867 | D:6      | Killed Grinder
 11157 | D:4      | Killed Dyme's ghost
 11270 | D:4      | Reached *** piety under Dithmenos
 11545 | D:10     | Reached skill level 17 in Stealth
 11568 | D:10     | Noticed Erica
 11575 | D:10     | Killed Erica
 11719 | D:10     | Found a sacrificial altar of Ru.
 12260 | D:11     | Found a staircase to the Orcish Mines.
 12286 | D:11     | Reached skill level 1 in Armour
 12449 | D:11     | Noticed a white ugly thing
 12452 | D:11     | Killed a white ugly thing
 12463 | D:11     | Reached skill level 10 in Dodging
 12505 | D:11     | Noticed a two-headed ogre
 12512 | D:11     | Killed a two-headed ogre
 12554 | D:11     | Reached **** piety under Dithmenos
 13018 | D:11     | Found a roughly hewn altar of Beogh.
 13184 | D:11     | Reached skill level 18 in Stealth
 13364 | D:12     | Noticed a two-headed ogre
 13383 | D:12     | Killed a two-headed ogre
 13396 | D:12     | Noticed an orange crystal statue
 13448 | D:12     | Noticed a green ugly thing
 13467 | D:12     | Found a shimmering altar of Xom.
 13487 | D:12     | Noticed an unseen horror
 13494 | D:12     | Noticed a phantasmal warrior
 13495 | D:12     | Killed an unseen horror
 13495 | D:12     | Reached XP level 12. HP: 51/51 MP: 24/24
 13496 | D:12     | Noticed a death knight
 13502 | D:12     | Found a frozen archway.
 13611 | IceCv    | Entered an ice cave
 13829 | IceCv    | Reached ***** piety under Dithmenos
 14055 | IceCv    | Reached skill level 19 in Stealth
 14804 | IceCv    | Noticed a death yak
 14809 | IceCv    | Killed a death yak
 14918 | IceCv    | Noticed a death yak
 14918 | IceCv    | Noticed a frost giant
 15200 | IceCv    | Killed a death yak
 15311 | IceCv    | Reached skill level 20 in Stealth
 15333 | IceCv    | Killed a frost giant
 15608 | D:12     | Reached XP level 13. HP: 55/55 MP: 26/26
 16237 | D:13     | Reached skill level 10 in Short Blades
 16341 | D:13     | Learned a level 3 spell: Tukima's Dance
 16550 | D:13     | Reached skill level 21 in Stealth
 16840 | D:14     | Noticed Frances
 16841 | D:14     | Killed Frances
 17033 | D:14     | Found a gate to the Vaults.
 17039 | D:14     | Reached ****** piety under Dithmenos
 17189 | D:14     | Reached skill level 1 in Evocations
 17196 | D:14     | Reached skill level 1 in Invocations
 17211 | D:14     | Reached skill level 22 in Stealth
 17234 | D:14     | Noticed Kirke
 17817 | D:15     | Entered Level 15 of the Dungeon
 17834 | D:15     | Reached XP level 14. HP: 59/59 MP: 28/28
 18415 | Lair:1   | Entered Level 1 of the Lair of Beasts
 19024 | Lair:2   | Reached skill level 1 in Shields
 19039 | Lair:2   | Found a staircase to the Snake Pit.
 19210 | Lair:2   | Identified a scroll of acquirement
 19210 | Lair:2   | Identified the Disquisition on Unholy Arts and Heat (You
                  | acquired it on level 2 of the Lair of Beasts)
 19236 | Lair:2   | Reached skill level 10 in Spellcasting
 20359 | Lair:3   | Found a staircase to the Shoals.
 20555 | Lair:3   | Noticed Fannar
 20569 | Lair:3   | Killed Fannar
 21045 | Lair:4   | Reached skill level 5 in Evocations
 21998 | Lair:5   | Found a viscous altar of Jiyva.
 21998 | Lair:5   | Found a staircase to the Slime Pits.
 22555 | Lair:6   | Entered Level 6 of the Lair of Beasts
 22656 | Lair:6   | Learned a level 1 spell: Apportation
 22692 | Lair:6   | Noticed Snorg
 22702 | Lair:6   | Killed Snorg
 22738 | Lair:6   | Reached XP level 15. HP: 63/63 MP: 9/30
 22847 | Lair:6   | Reached skill level 15 in Dodging
 22848 | Lair:6   | Noticed Sonja
 22861 | Lair:6   | Killed Sonja
 23270 | Lair:6   | Reached skill level 1 in Translocations
 24082 | Lair:6   | Reached skill level 5 in Invocations
 24328 | Lair:6   | Got a bound ivory ring
 24329 | Lair:6   | Identified the ring "Yvvi" {+Fly rPois} (You found it on
                  | level 6 of the Lair of Beasts)
 24407 | Lair:6   | Upgraded the game from 0.23-a0-8-gb809bb70e4 to
                  | 0.23-a0-13-gb09bef45d9
 24588 | Orc:1    | Entered Level 1 of the Orcish Mines
 24948 | Orc:2    | Entered Level 2 of the Orcish Mines
 24948 | Orc:2    | Found a staircase to the Elven Halls.
 24987 | Orc:2    | Noticed Josephine
 24996 | Orc:2    | Killed Josephine
 25802 | Orc:2    | Found a runed gate.
 25802 | Orc:2    | Found a runed gate.
 25802 | Orc:2    | Found a runed gate.
 25955 | Orc:2    | Noticed strelocc's ghost (journeyman GnFE)
 25956 | Orc:2    | Found a roughly hewn altar of Beogh.
 26031 | Orc:2    | Found a roughly hewn altar of Beogh.
 26091 | Orc:2    | Found Xekk's Magic Scroll Shop.
 26398 | Orc:2    | Found Lisaijod's General Store.
 26402 | Orc:2    | Reached skill level 23 in Stealth
 26759 | Orc:2    | Reached skill level 5 in Shields
 26841 | Orc:2    | Found Bacynaa's Gadget Shoppe.
 26973 | Orc:2    | Bought a scroll of blinking for 90 gold pieces
 26973 | Orc:2    | Bought a potion of curing for 36 gold pieces
 26973 | Orc:2    | Bought a ration for 60 gold pieces
 26975 | Orc:2    | Bought a scroll of blinking for 112 gold pieces
 26975 | Orc:2    | Bought a scroll of fog for 30 gold pieces
 26975 | Orc:2    | Bought a scroll of teleportation for 45 gold pieces
 28033 | Orc:2    | Reached skill level 5 in Translocations
 28049 | Orc:2    | Found Naoreupemp's Antique Armour Emporium.
 28049 | Orc:2    | Found Poiw's Gadget Shoppe.
 28050 | Orc:2    | Found a one-way gate leading to the halls of Pandemonium.
 28068 | Orc:2    | Bought a thick robe for 205 gold pieces
 28068 | Orc:2    | Bought a warped cloak for 342 gold pieces
 28068 | Orc:2    | Bought a glowing buckler for 270 gold pieces
 28068 | Orc:2    | Identified the +1 robe of the Moon {rElec Str+3 SInv} (You
                  | bought it in a shop on level 2 of the Orcish Mines)
 28069 | Orc:2    | Identified the +0 cloak of the Wilderness {*Contam Int+9}
                  | (You bought it in a shop on level 2 of the Orcish Mines)
 28433 | Orc:2    | Killed strelocc's ghost
 28578 | Orc:2    | Got a steaming cloak
 28579 | Orc:2    | Identified the cursed +0 cloak "Humuceh" {Str-3 Int+4} (You
                  | found it on level 2 of the Orcish Mines)
 28677 | Snake:1  | Entered Level 1 of the Snake Pit
 29210 | Snake:1  | Reached skill level 1 in Fighting
 29210 | Snake:1  | Reached XP level 16. HP: 69/69 MP: 18/31
 29310 | Snake:1  | Found Lauwof's Jewellery Emporium.
 29740 | Snake:2  | Found a deep blue altar of Sif Muna.
 30693 | Snake:3  | Found Qihuix's Assorted Antiques.
 30699 | Snake:3  | Bought a scroll labeled TEDIWE EFFOA for 37 gold pieces
 32290 | Snake:4  | Entered Level 4 of the Snake Pit
 32452 | Snake:3  | Reached skill level 5 in Fighting
 33015 | Snake:4  | Reached skill level 1 in Conjurations
 33087 | Snake:4  | Found Mampufra's Gadget Shop.
 33308 | Snake:4  | Found Boukutto's Jewellery Shop.
 33389 | Snake:4  | Noticed Saint Roka
 33759 | Snake:4  | Found Bier's Distillery.
 33759 | Snake:4  | Noticed Vashnia
 33977 | Snake:4  | Reached XP level 17. HP: 72/80 MP: 14/32
 34423 | Snake:4  | Killed Vashnia
 34432 | Snake:4  | Reached skill level 5 in Ice Magic
 34667 | Snake:4  | Killed Saint Roka
 34667 | Snake:4  | Reached skill level 24 in Stealth
 34856 | Snake:4  | Found Viuce's Antique Armour Boutique.
 34925 | Snake:4  | Found Ynkihyh's Book Boutique.
 35055 | Snake:4  | Bought a +5 amulet of reflection for 576 gold pieces
 35919 | Snake:4  | Noticed Nikola
 35925 | Snake:4  | Killed Nikola
 35925 | Snake:4  | Reached skill level 15 in Hexes
 36747 | Shoals:1 | Entered Level 1 of the Shoals
 36756 | Shoals:1 | Found Deyniq's Armour Shop.
 36769 | Shoals:1 | Noticed a kraken
 36776 | Shoals:1 | Killed a kraken
 36968 | Shoals:1 | Found Lutuironoji's Food Shop.
 37029 | Shoals:1 | Found Yhiogobe's General Store.
 37044 | Shoals:1 | Found Kegg's Gadget Emporium.
 37195 | Shoals:1 | Noticed a kraken
 37289 | Shoals:1 | Found Duexuro's Weapon Emporium.
 37642 | Shoals:2 | Identified the Collected Works on Flying Contamination
 37856 | Shoals:2 | Noticed Roxanne
 37982 | Shoals:2 | Found Numnuul's Food Boutique.
 38317 | Shoals:3 | Reached XP level 18. HP: 88/88 MP: 33/33
 38473 | Shoals:3 | Upgraded the game from 0.23-a0-13-gb09bef45d9 to
                  | 0.23-a0-286-gcae3914892
 38801 | Shoals:4 | Entered Level 4 of the Shoals
 38963 | Shoals:4 | Found Hyseedeu's Assorted Antiques.
 39135 | Shoals:4 | Identified the Guide on Black Rituals
 39141 | Shoals:4 | Reached skill level 25 in Stealth
 39238 | Shoals:4 | Identified the amulet "Nuamaod" {Acrobat rC+} (You found it
                  | on level 4 of the Shoals)
 40514 | Shoals:4 | Bought a scroll of identify for 76 gold pieces
 40723 | Shoals:4 | Learned a level 3 spell: Swiftness
 40771 | Shoals:4 | Noticed Ilsuiw
 40810 | Shoals:4 | Got a barnacled rune of Zot
 41504 | D:15     | Found a staircase to the Depths.
 41512 | D:15     | Reached skill level 1 in Charms
 42331 | Elf:1    | Entered Level 1 of the Elven Halls
 43945 | Elf:2    | Identified the Catalogue of Evil Attacks
 44210 | Elf:2    | Reached skill level 5 in Charms
 44210 | Elf:2    | Reached XP level 19. HP: 96/96 MP: 34/34
 45052 | Elf:2    | Found a huge runed gate.
 45052 | Elf:2    | Found a huge runed gate.
 45052 | Elf:2    | Found a huge runed gate.
 45052 | Elf:2    | Found a huge runed gate.
 45052 | Elf:2    | Found a huge runed gate.
 45212 | Elf:3    | Entered Level 3 of the Elven Halls
 46246 | Elf:3    | Reached skill level 26 in Stealth
 46742 | Elf:2    | Reached skill level 10 in Fighting
 47328 | Elf:3    | Got a glittering granite ring
 47954 | Elf:3    | Reached skill level 5 in Conjurations
 47961 | Elf:2    | Upgraded the game from 0.23-a0-286-gcae3914892 to
                  | 0.25-a0-110-ge29c8f2358
 48467 | Elf:2    | Identified the ring of Paskyv {rF- MR+ Str+3 Int+2} (You
                  | took it off a deep elf blademaster on level 3 of the Elven
                  | Halls)
 49229 | Elf:3    | Identified the +8 rapier "Sagyrch" {antimagic, rF+ rC+ MR-}
 49331 | Elf:3    | Identified the ring of Mingo {rN+ MR+}
 49354 | Elf:3    | Identified the amulet of Past Mistakes {RegenMP Str+3}
 49509 | Elf:3    | Reached XP level 20. HP: 78/105 MP: 15/35
 49595 | Elf:3    | Found the +3 crown of Dyrovepreva {rElec Int+2 SInv}
 49614 | Elf:3    | Learned a level 7 spell: Controlled Blink
 49616 | Elf:3    | Identified Kejual's Catalogue of Twisted Creation
 49681 | Elf:3    | Found the +3 giant club "Skullcrusher" {speed, Str+7}
 49684 | Elf:3    | Got a scorched hand crossbow
 49780 | Elf:3    | Got an ebony falchion {pain}
 50567 | Snake:4  | Bought the ring of Ru's Pride {rF+ rC+ Str+3} for 513 gold
                  | pieces
 51875 | Snake:4  | Got a serpentine rune of Zot
 52257 | Depths:1 | Entered Level 1 of the Depths
 53105 | Depths:1 | Got a warped lajatang
 53114 | Depths:1 | Found a shattered altar of Ashenzari.
 53501 | Depths:1 | Reached skill level 27 in Stealth
 53828 | Depths:1 | Found a gateway to Hell.
 54463 | Depths:2 | Found the ring of Phasing {EV+8}
 54798 | Depths:2 | Found a gateway to a ziggurat.
 55174 | Depths:2 | Noticed a caustic shrike
 55177 | Depths:2 | Killed a caustic shrike
 55719 | Depths:2 | Noticed a golden dragon
 55725 | Depths:2 | Killed a golden dragon
 55725 | Depths:2 | Reached skill level 10 in Translocations
 55800 | Depths:2 | Reached XP level 21. HP: 113/113 MP: 36/36
 55945 | Depths:2 | Noticed a juggernaut
 55951 | Depths:2 | Killed a juggernaut
 59353 | Depths:4 | Noticed Boris
 59891 | Depths:4 | Killed a caustic shrike
 59896 | Depths:4 | Noticed Xtahua
 59915 | Depths:4 | Killed Xtahua
 60096 | Depths:4 | Found a shadowy altar of Dithmenos.
 60838 | Depths:4 | Killed Boris
 60878 | Depths:4 | Reached skill level 15 in Fighting
 60907 | Depths:4 | Identified the +6 hunting sling of Debbizeo {venom, rC+
                  | Str+3 Stlth-}
 60909 | Depths:4 | Identified the +5 trident "Donniot" {venom, +Blink}
 61136 | Depths:4 | Reached XP level 22. HP: 122/122 MP: 37/37
 61364 | Depths:4 | Found a glowing silver altar of Zin.
 61916 | Depths:4 | Noticed a golden dragon
 62287 | Depths:4 | Killed a golden dragon
 62992 | Depths:4 | Noticed the Enchantress
 63322 | Depths:4 | Noticed a caustic shrike
 63322 | Depths:4 | Noticed a caustic shrike
 63324 | Depths:4 | Found an ornate altar of the Wu Jian Council.
 63325 | Depths:4 | Noticed a caustic shrike
 63337 | Depths:4 | Killed a caustic shrike
 63339 | Depths:4 | Noticed a caustic shrike
 63833 | Depths:5 | Entered Level 5 of the Depths
 65115 | Depths:5 | Noticed Frederick
 65118 | Depths:5 | Killed Frederick
 65326 | Depths:5 | Noticed a juggernaut
 65567 | Depths:5 | Found a gate to the Realm of Zot.
 66355 | Depths:3 | Reached XP level 23. HP: 109/128 MP: 39/39
 66511 | Vaults:1 | Entered Level 1 of the Vaults
 66648 | Vaults:1 | Noticed Donald
 67039 | Vaults:1 | Reached skill level 15 in Translocations
 67181 | Vaults:1 | Killed Donald
 68869 | Vaults:2 | Found a staircase to the Crypt.
 69849 | Vaults:3 | Identified the Compendium of Calling
 70528 | Vaults:3 | Identified Uraneraq's Volume of Displacement
 72504 | Vaults:3 | Identified the Collected Works on Cold
 72508 | Vaults:3 | Learned a level 7 spell: Summon Butterflies
 72512 | Vaults:3 | Learned a level 3 spell: Teleport Other
 72559 | Vaults:3 | Identified the +5 dagger "Nenui" {speed, +Fly rC+ Dex+3}
                  | (You found it on level 3 of the Vaults)
 72656 | Vaults:3 | Reached XP level 24. HP: 135/135 MP: 41/41
 72839 | Vaults:3 | Identified the Grimoire of the Firefly
 75003 | Vaults:5 | Entered Level 5 of the Vaults
 75851 | Vaults:5 | Noticed an ancient lich
 75883 | Vaults:5 | Killed an ancient lich
 75973 | Vaults:5 | Identified the ring "Uffuha Usig" {rElec MR- Int+3 Dex+9}
 76377 | Vaults:5 | Noticed an ancient lich
 76401 | Vaults:5 | Identified the ring "Evemixko" {+Inv rPois rN+}
 76406 | Vaults:5 | Identified the ring of Gouga {Str+7 Dex+5}
 76777 | Slime:1  | Entered Level 1 of the Pits of Slime
 77071 | Lair:5   | Gained mutation: You are occasionally teleported next to
                  | monsters. [a shining eye]
 77086 | Lair:5   | Gained mutation: You are frail. (-10% HP) [a shining eye]
 77094 | Lair:5   | Gained mutation: You are dopey. (Int -2) [a shining eye]
 77099 | Lair:5   | Gained mutation: You occasionally shout uncontrollably at
                  | your foes. [a shining eye]
 77108 | Lair:5   | Gained mutation: You are very frail. (-20% HP) [a shining
                  | eye]
 77815 | Snake:4  | Bought a potion of mutation for 128 gold pieces
 77815 | Snake:4  | Lost mutation: You are very frail. (-20% HP) [potion of
                  | mutation]
 77815 | Snake:4  | Lost mutation: You are dopey. (Int -2) [potion of mutation]
 77815 | Snake:4  | Gained mutation: You have sharp toenails. [potion of
                  | mutation]
 77815 | Snake:4  | Gained mutation: Your muscles are strong. (Str +2) [potion
                  | of mutation]
 77816 | Snake:4  | Upgraded the game from 0.25-a0-110-ge29c8f2358 to
                  | 0.27-a0-1280-g9d2d252d84
 78105 | D:14     | Killed Kirke
 78420 | Vaults:5 | Identified the +7 plate armour of Bad Feelings {Will+ Int+3
                  | Dex+2}
 78584 | Vaults:5 | Killed from afar by an iron dragon

Illustrated notes

Levels and vault maps discovered:
D:1:      scummos_arrival_simple_fountains, supply_closet_lemuel
D:2:      trog_hazing_becter
D:3:      first_ration
D:4:      minmay_temple_entry_trees, hellmonk_ghost_happy_afterlife,
          uniq_eustachio
D:5:      vehumet_statue, gammafunk_temple_overflow_elements, serial_shops,
          shop, fedhas_altar_3, uniq_duvessa, uniq_pikel, uniq_blork_the_orc
D:6:      cheibrodos_helix_gallery, uniq_grinder
D:7:      serial_shops, shop, shop, shop, shop, uniq_harold
D:9:      nicolae_overflow_hidden_temple
D:10:     serial_glass, glass_columns_a, glass_columns_a, due_unseen_surprise,
          feat_on_display, minmay_strange_pillars, minmay_strange_pillars,
          blue_anna_alchemist, nicolae_ru_path_of_blood, uniq_erica
D:11:     lair_entry_dummy, minmay_orc_entry_temple_small
D:12:     basic_altar, portal_ice_cave_demonic_guard, minivault_16,
          billiards_dpeg
D:14:     hangedman_vaults_entry_quadrant_bands, minmay_misc_feat_pillars,
          uniq_frances, uniq_kirke
D:15:     grunt_enter_depths_hoard, glass_columns_b
Temple:   compressed_dpeg_circular_temple
Lair:1:   infiniplex_staircase_pool_2
Lair:2:   minmay_snake_entry_guardpost_medium
Lair:3:   minmay_shoals_entry_beasts, uniq_fannar
Lair:4:   serial_bayou_pond_d
Lair:5:   slime_altar_1, minmay_lair_oklob_chamber
Lair:6:   grunt_lair_end_beastmaster, lemuel_fruit_tree, uniq_snorg, uniq_sonja
Shoals:1: serial_shops, nicolae_shop_crystal, nicolae_shop_trees, shop, shop,
          shop
Shoals:2: serial_shops, shop, uniq_roxanne
Shoals:4: shoals_end_hangedman, shoals_ilsuiw_ice, serial_shops, shop
Snake:1:  serial_shops, nicolae_shop_trees, serial_bayou_pond_e
Snake:2:  basic_altar, grunt_megastairs_3
Snake:3:  cheibrodos_snake_lava_hold, serial_shops,
          nicolae_shop_overgrown_old_shop, st_stairs_5, grunt_megastairs_4
Snake:4:  grunt_snake_rune_pools, serial_shops, shop, basic_stair_grate_trap,
          minmay_shoptagon, serial_bayou_shore_a, grunt_megastairs_5,
          serial_bayou_shore_b, uniq_saint_roka, uniq_nikola, uniq_vashnia
Slime:1:  layout_caves
Slime:2:  layout_caves
Slime:3:  layout_caves, special_room [special_room_jelly]
Orc:2:    pf_orc_diabolical, serial_shops, shop, basic_altar,
          biasface_ghost_orc_armoury, uniq_josephine
Elf:1:    eino_elf_arrival_the_gate, hangedman_elf_disciples
Elf:2:    minivault_15, minmay_misc_feat_columns, minivault_28
Elf:3:    minmay_elf_hall_statues
Vaults:1: vaults_dpeg_hooks, hangedman_vaults_restitches,
          grunt_vaults_hallway_long, v_misc_27, vaults_room_octagon,
          ontoclasm_vaults_twist, nicolae_vaults_windows_and_doors_thing,
          layout_vaults_omnigrid, uniq_donald
Vaults:2: v_pattern_3, minmay_crypt_entry_simple_corners, vaults_mumra_chevron,
          hangedman_vaults_unwind, v_misc_5, dpeg_vaults_monster_box,
          nicolae_vaults_ring_of_whatevers, v_misc_18,
          nicolae_vaults_angled_halls, grunt_vaults_hallway_long,
          ontoclasm_vaults_idyll, v_misc_15, layout_vaults_chaotic_city
Vaults:3: vaults_room_hallway, st_greater_box_4, v_misc_14,
          vaults_mumra_minichess, hangedman_vaults_trim,
          nicolae_vaults_border_crossing, nicolae_vaults_three_branches,
          ontoclasm_vaults_claustrophobia, nicolae_vaults_network_square,
          v_misc_5, nicolae_vaults_little_squares_1,
          nicolae_vaults_little_squares_6, layout_vaults_omnibox,
          serial_hangedman_research, hangedman_research_quantum,
          hangedman_research_thermodynamics, hangedman_research_convocations,
          hangedman_research_pyrotechnics
Vaults:4: vaults_dpeg_cross, v_misc_4, ontoclasm_vaults_ring_square,
          nicolae_vaults_rhombus_5, nicolae_vaults_network_barrier,
          nicolae_vaults_network_quinsquares
          [nicolae_vaults_network_quincunx_subvault,
          nicolae_vaults_network_quincunx_subvault,
          nicolae_vaults_network_quincunx_subvault,
          nicolae_vaults_network_quincunx_subvault], vaults_room_large_hall,
          ontoclasm_vaults_hangar, v_alt_pattern_1, nicolae_vaults_theta,
          nicolae_vaults_little_squares_3, vaults_room_corners,
          nicolae_vaults_twisting_passages, vaults_mumra_hexcomb,
          ontoclasm_vaults_hangar, layout_vaults_ring
Vaults:5
Depths:1: layout_gridlike, lightli_too_deep, evilmike_ruin_ashenzari,
          hangedman_abyss_or_decor_clamps, minmay_misc_feat_room,
          hangedman_corner_corridor, serial_bayou_shore_b
Depths:2: minmay_three_patterns, layout_cave_pools, enter_ziggurat_c,
          hell_entry, rand_demon_pan_entry_9, kennysheep_nub,
          serial_bayou_shore_b, minmay_staircase_statues
Depths:3: lemuel_castle_with_subvaults [lemuel_castle_interior_original],
          layout_cave_pools, grunt_hell_entry_dis_old, rand_demon_pan_entry_1,
          infiniplex_staircase_zigzag_5
Depths:4: grunt_profane_halls [grunt_profane_temple_coc,
          grunt_profane_temple_tar, grunt_profane_temple_dis,
          grunt_profane_temple_geh, grunt_profane_loot], pan_entry, hell_entry,
          abyss_entry, uniq_enchantress, uniq_xtahua, uniq_boris
Depths:5: grunt_zot_entry_gee_three, layout_basic, minmay_stone_trees_medium,
          hell_entry, minmay_three_doors, uniq_frederick, uniq_jory

Skill      XL: |  1  2  3  4  5  6  7  8  9 10 11 12 13 14 15 16 17 18 19 20 21 22 23 24 |
---------------+-------------------------------------------------------------------------+-----
Stealth        | 5 6 7 9 11 12 14 16 18 20 22 23 24 25 26 27 | 27.0
Spellcasting   | 3 4 6 7 8 9 10 11 13 14 | 14.2
Hexes          | 4 5 7 8 10 12 13 14 15 16 17 18 19 | 19.0
Short Blades   | 2 4 5 6 7 9 10 | 10.0
Ice Magic      | 1 2 3 4 5 |  5.0
Dodging        | 4 6 9 10 12 14 15 16 18 19 20 21 23 24 25 24 | 24.5
Armour         | 2 4 |  4.0
Evocations     | 2 5 7 |  7.0
Invocations    | 1 4 5 |  5.0
Shields        | 3 6 7 |  7.2
Translocations | 5 10 12 14 18 19 | 19.8
Fighting       | 1 5 7 9 11 13 15 16 17 | 17.1
Conjurations   | 1 2 3 5 |  5.0
Charms         | 5 6 |  0.0

Action                   |  1- 3 |  4- 6 |  7- 9 | 10-12 | 13-15 | 16-18 | 19-21 | 22-24 || total
-------------------------+-------+-------+-------+-------+-------+-------+-------+-------++-------
Melee: Dagger            |   107 |   100 |   281 |   945 |  1561 |  1516 |  2058 |  2681 ||  9249
       Short sword       |       |       |       |       |    77 |    23 |       |       ||   100
       Quick blade       |       |       |       |       |       |       |   210 |    34 ||   244
       Kick              |       |       |       |       |       |       |       |    73 ||    73
Throw: Stone             |     5 |    10 |    56 |    32 |     6 |       |       |       ||   109
       Throwing net      |       |       |       |       |       |     1 |     1 |     7 ||     9
 Cast: Corona            |     5 |     1 |     5 |    10 |    10 |     8 |     3 |     1 ||    43
       Ensorcelled Hiber |       |     9 |    58 |    88 |   301 |   400 |   181 |   205 ||  1242
       Confuse           |       |       |     5 |    32 |    50 |    57 |    15 |    54 ||   213
       Dazzling Flash    |       |       |     3 |    17 |    48 |   102 |   381 |   174 ||   725
       Tukima's Dance    |       |       |       |       |    10 |    10 |    37 |     6 ||    63
       Apportation       |       |       |       |       |       |       |     7 |       ||     7
       Confusing Touch   |       |       |       |       |       |       |       |     4 ||     4
       Teleport Other    |       |       |       |       |       |       |       |     1 ||     1
Invok: Shadow Step       |       |       |       |       |       |       |     1 |       ||     1
Evoke: Wand              |       |       |       |    32 |     2 |     4 |       |     8 ||    46
       Lightning rod     |       |       |       |       |     1 |       |       |       ||     1
       Phial of floods   |       |       |       |       |     1 |       |       |     1 ||     2
       Phantom mirror    |       |       |       |       |       |     1 |       |       ||     1
       Box of beasts     |       |       |       |       |       |       |       |     6 ||     6
       Removed sack of s |       |       |       |       |       |       |       |     2 ||     2
       Removed fan of ga |       |       |       |       |       |       |       |     1 ||     1
       Removed lamp of f |       |       |       |       |       |       |       |     1 ||     1
  Use: Scroll            |     2 |     1 |    10 |     4 |    22 |    10 |     8 |    12 ||    69
       Potion            |       |       |     1 |       |     1 |     7 |       |     6 ||    15
 Stab: Sleeping          |    13 |    15 |    31 |   100 |   255 |   284 |   161 |   234 ||  1093
       Distracted        |       |     1 |     3 |     5 |    12 |    14 |    23 |    30 ||    88
       Confused          |       |       |     1 |    24 |    24 |    24 |     4 |    28 ||   105
       Invisible         |       |       |       |     8 |    23 |    28 |    57 |    42 ||   158
       Paralysed         |       |       |       |       |     1 |     1 |       |       ||     2
       Petrifying        |       |       |       |       |     1 |       |       |       ||     1
       Petrified         |       |       |       |       |     1 |       |       |       ||     1
       Held in net/web   |       |       |       |       |       |       |     2 |     2 ||     4
  Eat: Removed food      |       |     1 |     3 |     5 |     7 |     8 |    13 |     8 ||    45
Armor: Robe              |     6 |     8 |    13 |     4 |       |       |       |       ||    31
       Troll leather arm |       |       |       |    10 |    53 |    61 |    96 |   136 ||   356
Dodge: Dodged            |    74 |    70 |   202 |   578 |  1353 |   957 |  1181 |  2202 ||  6617
Block: Buckler           |       |       |       |       |   358 |   738 |  1075 |  1667 ||  3838
       Reflection        |       |       |       |       |       |    71 |    83 |    66 ||   220

Table legend: (Time is in decaauts)
 A = Elapsed time spent in this place.
 B = Non-inter-level travel time spent in this place.
 C = Inter-level travel time spent in this place.
 D = Time resting spent in this place.
 E = Time spent auto-exploring this place.
 F = Levels seen in this place.
 G = Mean time per level.
                   A        B        C        D        E       F      G
               +--------+--------+--------+--------+--------+-----+--------+
         Total |  57398 |  52970 |   4428 |  20062 |  14950 |  49 | 1171.4 |
       Dungeon |  13350 |  11895 |   1455 |   3063 |   4804 |  15 |  890.0 |
        Temple |     77 |     55 |     22 |      0 |     50 |   1 |   77.0 |
          Lair |   5265 |   4755 |    510 |   1668 |   1949 |   6 |  877.5 |
        Shoals |   3377 |   3239 |    138 |   1115 |    864 |   4 |  844.2 |
     Snake Pit |   7217 |   6543 |    674 |   2861 |   1571 |   4 | 1804.2 |
    Slime Pits |    111 |    111 |      0 |      0 |      0 |   3 |   37.0 |
  Orcish Mines |   3204 |   3045 |    159 |   1374 |    628 |   2 | 1602.0 |
   Elven Halls |   5784 |   5278 |    506 |   2383 |    823 |   3 | 1928.0 |
        Vaults |   6941 |   6536 |    405 |   2010 |   2352 |   5 | 1388.2 |
        Depths |  10712 |  10157 |    555 |   4972 |   1780 |   5 | 2142.4 |
      Ice Cave |   1356 |   1356 |      0 |    613 |    125 |   1 | 1356.0 |
               +--------+--------+--------+--------+--------+-----+--------+

Top non-repeatable levels by time:
Vaults:5: 231 daAuts
    D:14: 49 daAuts
    D:11: 34 daAuts
 Snake:2: 24 daAuts
 Snake:4: 21 daAuts
Vaults:2: 19 daAuts
Vaults:3: 18 daAuts
  Lair:2: 16 daAuts
 Snake:3: 15 daAuts
 Snake:1: 15 daAuts
  Lair:1: 14 daAuts
Vaults:1: 13 daAuts
Vaults:4: 12 daAuts
    D:12: 6 daAuts
    D:13: 4 daAuts
Note: time per level data comes from an upgraded game and may be incomplete.
